 Dungeon Crawl Stone Soup version 0.29-a0-275-g389c0b56f3 (webtiles) character file.

Game seed: 12973918787566888543

1492470 Daunt the Slayer (level 27, 229/261 HPs)
             Began as a Demigod Hunter on Mar 11, 2022.
             Escaped with the Orb
             ... and 3 runes on Mar 12, 2022!
             The game lasted 07:13:50 (101925 turns).

Daunt the Slayer (Demigod Hunter)                 Turns: 101925, Time: 07:13:51

Health: 229/261    AC: 36    Str: 22    XL:     27
Magic:  27/27      EV: 38    Int: 11    God:
Gold:   5568       SH: 14    Dex: 57    Spells: 26/26 levels left

rFire   + + .      SeeInvis +   a - +5 double sword of Wyrd {spect, rPois}
rCold   + + .      Faith    .   g - +3 buckler of Sophism {rC+ Int-4 Dex+2}
rNeg    + + .      Spirit   .   E - +8 shadow dragon scales
rPois   +          Reflect  .   J - +2 hood of the Assassin {Detection Stab+ Stlth++}
rElec   +          Harm     .   k - +2 cloak {Will+}
rCorr   .          Rampage  .   D - +0 pair of gloves of Xynwoihi {Str+5 Dex+4 Stlth+}
Will    ++++.                   v - +0 pair of boots of Cyipramp {Fly rElec rF+ rN+}
Stlth   +++++.....              n - amulet of regeneration
HPRegen 1.33/turn               I - ring of Caezid {rF+ rC+ Will+ SInv}
MPRegen 0.20/turn               F - ring "Wofao" {rN+ Int+2 Dex+5 Slay+5}

@: flying, hasted, studying Bows, very quick
A: high MP 1, forlorn, divine attributes, inability to read while threatened
0: Orb of Zot
}: 3/15 runes: barnacled, slimy, gossamer
a: no special abilities


You escaped.
You visited 11 branches of the dungeon, and saw 55 of its levels.
You also visited: Sewer, Ice Cave and Wizlab.

You collected 9219 gold pieces.
You spent 3651 gold pieces at shops.

Inventory:

Hand Weapons
 a - the +5 double sword of Wyrd (weapon) {spect, rPois}
   (You acquired it on level 3 of the Elven Halls)

   When its wielder attacks, the weapon's spirit leaps out and strikes again.
   The spirit shares a part of any damage it takes with its wielder.
   rPois:     It protects you from poison.
 b - the +7 hand crossbow "Roigh" {speed, Dex+3}
   (You acquired it on level 8 of the Dungeon)

   Attacks with this weapon are significantly faster.
   Dex:       It affects your dexterity (+3).
 c - a +9 eudemon blade of holy wrath
 d - the +9 sword of Zonguldrok {reap}
   (You found it on level 3 of the Crypt)

   Any living foe damaged by it may be reanimated upon death as a zombie
   friendly to the wielder, with an increasing chance as more damage is dealt.
Missiles
 o - 9 atropa-tipped darts
 C - 6 throwing nets
 S - 15 curare-tipped darts
 Z - 4 datura-tipped darts
Armour
 g - the +3 buckler of Sophism (worn) {rC+ Int-4 Dex+2}
   (You bought it in a shop on level 2 of the Orcish Mines)

   Int:       It affects your intelligence (-4).
   Dex:       It affects your dexterity (+2).
   rC:        It protects you from cold.
 k - a +2 cloak of willpower (worn)
 v - the +0 pair of boots of Cyipramp (worn) {Fly rElec rF+ rN+}
   (You acquired it on level 4 of the Spider Nest)

   rF:        It protects you from fire.
   rElec:     It insulates you from electricity.
   rN:        It protects you from negative energy.
   Fly:       It grants you flight.
 D - the +0 pair of gloves of Xynwoihi (worn) {Str+5 Dex+4 Stlth+}
   (You acquired it on level 4 of the Spider Nest)

   Str:       It affects your strength (+5).
   Dex:       It affects your dexterity (+4).
   Stlth:     It makes you more stealthy.
 E - +8 shadow dragon scales (worn)
 J - the +2 hood of the Assassin (worn) {Detection Stab+ Stlth++}
   (You found it on level 4 of the Spider Nest)

   It allows the wearer to sense nearby creatures.
   It allows the wearer to make particularly effective stabbing attacks against
   helpless or unaware enemies with any weapon.
   Stlth:     It makes you much more stealthy.
Jewellery
 l - the ring "Daitir" {rC+ rN+ Str+3 Int-4 Slay+2}
   (You took it off a vampire knight on level 3 of the Crypt)

   [ring of positive energy]

   Str:       It affects your strength (+3).
   Int:       It affects your intelligence (-4).
   Slay:      It affects your accuracy & damage with ranged weapons and melee
   (+2).
   rC:        It protects you from cold.
   rN:        It protects you from negative energy.
 n - an amulet of regeneration (around neck)
 r - a +4 ring of slaying
 F - the ring "Wofao" (right hand) {rN+ Int+2 Dex+5 Slay+5}
   (You found it on level 3 of the Crypt)

   [ring of positive energy]

   Int:       It affects your intelligence (+2).
   Dex:       It affects your dexterity (+5).
   Slay:      It affects your accuracy & damage with ranged weapons and melee
   (+5).
   rN:        It protects you from negative energy.
 I - the ring of Caezid (left hand) {rF+ rC+ Will+ SInv}
   (You bought it in a shop on level 2 of the Vaults)

   [ring of willpower]

   rF:        It protects you from fire.
   rC:        It protects you from cold.
   SInv:      It lets you see invisible.
   Will:      It increases your willpower.
Wands
 t - a wand of acid (30)
 w - a wand of paralysis (18)
 z - a wand of mindburst (28)
 M - a wand of iceblast (41)
 Q - a wand of charming (10)
 X - a wand of digging (3)
Scrolls
 f - 3 scrolls of silence
 m - 7 scrolls of magic mapping
 p - 5 scrolls of immolation
 x - 3 scrolls of fear
 y - 9 scrolls of fog
 K - 14 scrolls of teleportation
 T - 2 scrolls of summoning
 U - 5 scrolls of blinking
 Y - a scroll of holy word
Potions
 h - 4 potions of heal wounds
 i - 4 potions of invisibility
 j - 17 potions of curing
 q - 9 potions of attraction
 s - 5 potions of cancellation
 A - 5 potions of mutation
 B - 7 potions of brilliance
 H - 4 potions of haste
 O - 11 potions of ambrosia
 P - 4 potions of resistance
 R - 8 potions of lignification
 V - 4 potions of might
 W - 2 potions of berserk rage
Miscellaneous
 e - a phantom mirror
 u - a tin of tremorstones (2/2)
 G - a phial of floods
 N - a box of beasts


   Skills:
 + Level 24.1 Fighting
 * Level 24.1 Long Blades
 - Level 16.0 Crossbows
 - Level 19.0 Armour
 - Level 17.7 Dodging
 + Level 15.9 Stealth
 - Level 4.0 Shields
 - Level 2.0 Poison Magic
 - Level 13.0 Evocations


You had 26 spell levels left.
You didn't know any spells.
Your spell library contained the following spells:

 Spells                   Type           Power      Damage    Failure   Level
 Sting                    Tmut/Pois      8%         1d3       75%         1
 Animate Skeleton         Necr           0%         N/A       87%         1
 Apportation              Tloc           0%         N/A       87%         1
 Magic Dart               Conj           0%         1d3       87%         1
 Shock                    Conj/Air       0%         1d3       87%         1
 Summon Small Mammal      Summ           0%         N/A       87%         1
 Poisonous Vapours        Pois/Air       4%         N/A       87%         2
 Call Imp                 Summ           0%         N/A       95%         2
 Corpse Rot               Necr/Air       0%         N/A       95%         2
 Scorch                   Fire           0%         2d5       95%         2
 Searing Ray              Conj           0%         2d4       95%         2
 Sublimation of Blood     Necr           0%         N/A       95%         2
 Wereblood                Tmut           0%         N/A       95%         2
 Spider Form              Tmut/Pois      2%         N/A       98%         3
 Call Canine Familiar     Summ           0%         N/A       99%         3
 Dazzling Flash           Conj/Hex       0%         N/A       99%         3
 Gell's Gravitas          Tloc           0%         N/A       99%         3
 Ignite Poison            Fire/Tmut/Pois 1%         N/A       99%         3
 Mephitic Cloud           Conj/Pois/Air  1%         N/A       99%         3
 Ozocubu's Armour         Ice            0%         N/A       99%         3
 Portal Projectile        Hex/Tloc       0%         N/A       99%         3
 Summon Guardian Golem    Hex/Summ       0%         N/A       99%         3
 Swiftness                Air            0%         N/A       99%         3
 Teleport Other           Tloc           0%         N/A       99%         3
 Airstrike                Air            0%         N/A       100%        4
 Anguish                  Hex/Necr       0%         N/A       100%        4
 Animate Armour           Summ/Erth      0%         N/A       100%        4
 Animate Dead             Necr           0%         N/A       100%        4
 Dispel Undead            Necr           0%         3d6       100%        4
 Flame Wave               Conj/Fire      0%         2d4       100%        4
 Fulminant Prism          Conj/Hex       0%         3d6       100%        4
 Iskenderun's Mystic Bla  Conj/Tloc      0%         2d3       100%        4
 Leda's Liquefaction      Hex/Erth       0%         N/A       100%        4
 Olgreb's Toxic Radiance  Pois           4%         N/A       100%        4
 Petrify                  Tmut/Erth      0%         N/A       100%        4
 Agony                    Necr           0%         N/A       100%        5
 Alistair's Intoxication  Tmut/Pois      1%         N/A       100%        5
 Blade Hands              Tmut           0%         N/A       100%        5
 Borgnjor's Vile Clutch   Necr/Erth      0%         N/A       100%        5
 Freezing Cloud           Conj/Ice/Air   0%         6-21      100%        5
 Irradiate                Conj/Tmut      0%         3d13      100%        5
 Lee's Rapid Deconstruct  Erth           0%         3d5*      100%        5
 Metabolic Englaciation   Hex/Ice        0%         N/A       100%        5
 Silence                  Hex/Air        0%         N/A       100%        5
 Yara's Violent Unravell  Hex/Tmut       0%         3d3       100%        5
 Death Channel            Necr           0%         N/A       100%        6
 Dispersal                Tloc           0%         N/A       100%        6
 Eringya's Noxious Bog    Tmut/Pois      1%         N/A       100%        6
 Iron Shot                Conj/Erth      0%         9d1       100%        6
 Simulacrum               Ice/Necr       0%         N/A       100%        6
 Statue Form              Tmut/Erth      0%         N/A       100%        6
 Summon Cactus Giant      Summ           0%         N/A       100%        6
 Dragon Form              Tmut           0%         N/A       100%        7
 Ozocubu's Refrigeration  Ice            0%         4d5       100%        7
 Spellforged Servitor     Conj/Summ      0%         N/A       100%        7
 Storm Form               Tmut/Air       0%         N/A       100%        7
 Summon Hydra             Summ           0%         N/A       100%        7
 Borgnjor's Revivificati  Necr           0%         N/A       100%        8
 Disjunction              Tloc           0%         N/A       100%        8
 Ignition                 Fire           0%         3d3       100%        8
 Necromutation            Tmut/Necr      0%         N/A       100%        8
 Death's Door             Necr           0%         N/A       100%        9
 Polar Vortex             Ice            0%         N/A       100%        9


Dungeon Overview and Level Annotations

Branches:
Dungeon (15/15)            Temple (0/1) D:7            Lair (6/6) D:8
 Shoals (4/4) Lair:3       Spider (4/4) Lair:4        Slime (5/5) Lair:5
    Orc (2/2) D:12            Elf (3/3) Orc:2        Vaults (4/5) D:13
  Crypt (3/3) Vaults:3       Tomb (0/3) Crypt:3      Depths (4/4) D:15
    Zot (5/5) Depths:4      Sewer (visited)           IceCv (visited)
 WizLab (visited)

Shops:
Orc:1 ?   Orc:2 [**?[   Elf:2 =   Elf:3 [   Shoals:3 !   Vaults:2 =*
Vaults:4 ((*![   Depths:4 (::=

Portals:
Hell: Depths:1 Depths:2 Depths:3 Depths:4
Abyss: Orc:2 Depths:3 Depths:4
Pandemonium: Depths:1 Depths:2 Depths:3
Ziggurat: Depths:3

Annotations:
Lair:4 1 runed translucent door, allion's ghost, journeyman TeCj


Innate Abilities, Weirdness & Mutations

You have an increased reservoir of magic. (+10% MP)
You shall have no god before yourself.
Your divine heritage dramatically boosts your attributes as you level up.
You sometimes lose the ability to read scrolls when taking damage.


Message History

You fly upwards.
There is a stone staircase leading down here.
There is a stone staircase leading up here.
You fly upwards.
There is a stone staircase leading down here.
A Hell Sentinel comes into view.
Aiming: Dig
Press: ? - help, Shift-Dir - straight line, f - you Please select a direction to dig.
This square is covered in magical glow.
The rock shatters into small pieces.
You feel yourself speed up.
A Brimstone Fiend comes into view.
The Brimstone Fiend completely misses you. x2
You block the Brimstone Fiend's attack.
You slice the Brimstone Fiend!!
The Brimstone Fiend is moderately wounded.
Your +5 double sword of Wyrd {spect, rPois} hits the Brimstone Fiend.
You slash the Brimstone Fiend!
The Brimstone Fiend is heavily wounded.
Your +5 double sword of Wyrd {spect, rPois} hits the Brimstone Fiend!
The Brimstone Fiend completely misses your +5 double sword of Wyrd {spect, rPois}.
The Brimstone Fiend barely misses your +5 double sword of Wyrd {spect, rPois}.
The Brimstone Fiend misses your +5 double sword of Wyrd {spect, rPois}.
You slice the Brimstone Fiend!!
The Brimstone Fiend is almost dead.
Your +5 double sword of Wyrd {spect, rPois} hits the Brimstone Fiend!!
You kill the Brimstone Fiend!
You swap places.
The Hell Sentinel gestures at you.
The sphere of damnation explodes!
The damnation engulfs you!!!
Aiming: Dig
Press: ? - help, Shift-Dir - straight line, f - you Please select a direction to dig.
This square is covered in magical glow.
The rock shatters into small pieces.
The Hell Sentinel gestures at you. The iron shot misses you.
There is a staircase leading out of the dungeon here.
You have escaped!

#.# #..# ##..###.##.#.#####
##.. #.# #..#
##.######.#.##.# #.. #.# #..#
#.###..##.##.#.# #.. #.#
#..###.##.##.##.#...# #.. ..#
#..##.##.####.#.#.#.#######..
### #..##.##.#
###...#.#........
##...#.#.### ##.#.#.#.######.
#....#.#.#.####.##.#.#.# #.
####....#.#.#..#@..#.##.#.#
#.
.....>..#.#.##.#..##.#.#'.#
#.
####....#.##.#..###.##.####
#. ####†...##.#.#.#...###.#
#. ........##.##.1######.##
#. ........###.##§§.###.## #.
.......## ##.#1##...## #.
.....### ##..####### #.
.....# ###..1...## #.


You could see a Hell Sentinel.

Vanquished Creatures
  Dissolution (Slime:5)
  the Royal Jelly (Slime:5)
  8 dread liches
  Khufu (Crypt:1)
  2 orbs of fire (Zot:5)
  5 ancient liches
  Mennas (Crypt:2)
  3 juggernauts
  2 royal mummies (Crypt:1)
  Sojobo (Depths:4)
  9 Killer Klowns
  Parghit (Zot:3)
  Frederick (Depths:4)
  A caustic shrike (Depths:3)
  Jory (Crypt:3)
  4 golden dragons
  A profane servitor (Crypt:3)
  3 bone dragons
  3 electric golems
  16 tentacled monstrosities
  Zenata (D:13)
  A walking crystal tome (D:15)
  A Brimstone Fiend (D:1)
  A hellephant (Depths:2)
  28 Orb Guardians
  Rupert (Lair:6)
  6 quicksilver dragons
  3 liches
  A walking divine tome (Depths:3)
  5 titans
  3 deep elf blademasters
  2 deep elf master archers (Elf:2)
  20 acid blobs
  An Executioner (Zot:2)
  7 death cobs
  4 ancient champions
  8 sphinxes
  7 shadow dragons
  4 tengu reavers
  Agnes (Spider:3)
  2 revenants
  11 azure jellies
  Kirke (D:15)
  17 storm dragons
  3 draconian monks
  8 rockslimes
  2 iron dragons (Depths:3)
  6 draconian knights
  16 frost giants
  The ghost of Onwo the Blocker, a journeyman DDNe of Uskayaw (D:14)
  9 fire giants
  Aizul (Depths:1)
  11 deep elf sorcerers
  6 emperor scorpions
  A caustic shrike zombie (Crypt:1)
  9 draconian scorchers
  3 draconian shifters
  2 deep elf elementalists (Elf:3)
  4 curse skulls
  12 ghost moths
  An orc warlord (Vaults:4)
  16 vault wardens
  5 war gargoyles
  37 very ugly things
  6 quicksilver oozes
  5 draconian stormcallers
  2 spriggan defenders
  7 draconian annihilators
  18 ironbound preservers
  18 stone giants
  11 broodmothers
  A juggernaut skeleton (Crypt:2)
  4 ghouls
  11 green draconians
  3 ironbound thunderhulks
  13 vampire knights
  16 white draconians
  9 black draconians
  2 deep elf demonologists (Elf:3)
  3 deep elf annihilators (Elf:3)
  A lorocyproca (Zot:2)
  39 dire elephants
  18 spark wasps
  15 red draconians
  10 yellow draconians
  17 purple draconians
  8 entropy weavers
  14 merfolk impalers
  8 ettins
  3 eidola (Crypt:2)
  3 merfolk javelineers (Shoals:4)
  Josephine (Orc:2)
  8 great orbs of eyes
  2 deep elf high priests (Elf:3)
  3 crystal guardians
  A spriggan zombie (Crypt:1)
  25 jiangshi
  7 fire dragons
  6 deep elf death magi
  13 yaktaur captains
  Harold (D:11)
  2 fenstrider witch zombies (Crypt:2)
  3 rakshasas
  2 spriggan air magi (Depths:4)
  7 vault guards
  9 boulder beetles
  3 ogre magi
  7 peacekeepers
  3 jorogumos
  10 ice dragons
  A catoblepas (Lair:5)
  A spriggan skeleton (Crypt:1)
  8 hydras
  6 centaur warriors
  9 ironbound frosthearts
  2 merfolk avatars
  5 radroaches
  8 satyrs
  A fenstrider witch skeleton (Crypt:1)
  15 death yaks
  20 two-headed ogres
  An alligator snapping turtle (Shoals:4)
  6 merfolk aquamancers
  30 dancing weapons
  8 death knights
  5 vampire magi
  4 spriggan berserkers
  A tengu warrior (Depths:1)
  6 deep troll shamans
  2 titan zombies
  Urug (D:13)
  An orc high priest (Elf:2)
  2 hell knights
  13 deep troll earth magi
  A sun demon (Depths:3)
  A soul eater (Crypt:2)
  Nergalle (D:10)
  Sonja (Lair:5)
  12 deep elf knights
  2 spectral death yaks (Lair:6)
  7 iron trolls
  Lodul (D:10)
  2 sun moths
  7 shadow wraiths
  40 skeletal warriors
  5 pharaoh ants
  A spectral anaconda (Lair:6)
  A storm dragon skeleton (Crypt:2)
  53 deep trolls
  13 steelbarb worms
  4 flayed ghosts
  A bunyip zombie (Crypt:3)
  A deep troll (shapeshifter) (Vaults:4)
  4 glowing orange brains
  14 orb spiders
  7 sea snakes
  A bog body (Crypt:1)
  An orange crystal statue (Zot:2)
  9 phantasmal warriors
  A swamp dragon (shapeshifter) (D:14)
  15 lindwurms
  A bunyip skeleton (Crypt:2)
  A lindwurm (shapeshifter) (Elf:2)
  2 obsidian statues
  19 ironbound convokers
  A sphinx zombie (Crypt:1)
  4 deep elf archers
  A shadow demon (Depths:3)
  6 orc knights
  4 wizards
  25 deep elf zephyrmancers
  27 harpies
  22 fauns
  23 deep elf pyromancers
  45 ugly things
  2 oklob plants (Zot:2)
  28 wolf spiders
  12 necromancers
  A jorogumo zombie (Crypt:1)
  12 cyclopes
  An orc sorcerer (Orc:2)
  14 manticores
  A sphinx skeleton (Crypt:2)
  5 shining eyes
  A centaur zombie (Crypt:1)
  21 elephants
  A dire elephant zombie (Crypt:1)
  Maurice (Orc:2)
  29 moths of wrath
  4 merfolk sirens
  Joseph (D:7)
  A stone giant skeleton (Crypt:1)
  2 black mambas
  A fire giant skeleton (Vaults:2)
  A rust devil (Depths:3)
  A naga zombie (Crypt:1)
  2 ice statues (IceCv)
  18 vault sentinels
  12 water nymphs
  2 eyes of devastation (Slime:5)
  A centaur skeleton (Crypt:3)
  2 orange demons (Depths:3)
  14 cane toads
  2 gargoyles
  A dire elephant skeleton (Lair:6)
  3 torpor snails
  A catoblepas zombie (Crypt:1)
  A komodo dragon (shapeshifter) (D:13)
  2 unseen horrors
  3 rime drakes
  41 yaktaurs
  9 komodo dragons
  14 freezing wraiths
  13 demonic crawlers
  An anaconda simulacrum (Crypt:2)
  A death yak skeleton (Crypt:2)
  4 entropy weaver simulacra (IceCv)
  2 minotaur skeletons (Crypt:2)
  4 tengu conjurers
  A hydra zombie (Crypt:2)
  A red devil (Depths:1)
  An efreet (D:13)
  A harpy zombie (Crypt:2)
  An elf skeleton (Vaults:2)
  A death drake zombie (Crypt:1)
  2 hellwings
  12 trolls
  14 merfolk
  A yellow draconian skeleton (Crypt:2)
  4 meliai
  A polar bear (Lair:5)
  25 tarantellas
  7 wind drakes
  4 hornets
  A tarantella (shapeshifter) (Elf:3)
  A queen bee (Spider:4)
  11 dream sheep
  6 snapping turtles
  A spectral elephant (Lair:6)
  7 blink frogs
  126 slime creatures
  A harpy skeleton (Crypt:1)
  11 large abominations
  7 small abominations
  61 flying skulls
  An ettin zombie (Crypt:1)
  30 jumping spiders
  A ynoxinul (D:11)
  14 air elementals
  26 water elementals
  A spriggan (D:13)
  60 yaks
  15 culicivoras
  A fire dragon skeleton (Crypt:2)
  4 shadows
  9 wraiths
  8 vampires
  3 wyverns
  A hog (shapeshifter) (D:15)
  4 fire elementals
  2 hogs (D:15)
  16 humans (D:13)
  2 fire bats
  A neqoxec (Depths:1)
  6 basilisks
  3 chaos spawn
  50 redbacks
  2 steam dragons
  A yaktaur simulacrum (Vaults:2)
  25 vampire mosquitoes
  A wind drake skeleton (Crypt:2)
  A spectral cane toad (Lair:6)
  2 harpy simulacra
  5 two-headed ogre zombies (WizLab)
  5 demonic crawler simulacra (IceCv)
  A naga (shapeshifter) (Depths:3)
  2 wargs
  A merfolk zombie (Crypt:1)
  A swamp worm (shapeshifter) (Depths:4)
  8 water moccasins
  4 acid dragons
  5 hell hounds (Zot:2)
  3 black bears
  12 orc warriors
  3 ice beasts
  A swamp dragon zombie (Crypt:1)
  An ettin simulacrum (Vaults:2)
  2 sky beasts
  A sky beast (shapeshifter) (Vaults:4)
  24 ogres
  2 ugly thing simulacra (IceCv)
  11 wolves
  7 boggarts
  A phantom (D:6)
  10 centaurs
  An elephant skeleton (Lair:6)
  A kobold brigand (D:10)
  2 gnoll sergeants
  4 necrophages (Crypt:3)
  15 bullfrogs
  3 scorpions
  13 wights
  3 glowing shapeshifter simulacra (IceCv)
  6 troll zombies (WizLab)
  19 killer bees
  2 elephant simulacra (Lair:6)
  11 howler monkeys
  8 electric eels
  3 jellies
  2 gnoll shamans
  2 hounds
  13 orc priests
  Crazy Yiuf (D:7)
  An iguana (shapeshifter) (Depths:3)
  6 iguanas (D:5)
  19 orc wizards
  5 lightning spires (Zot:2)
  A tengu zombie (Crypt:2)
  5 ogre zombies (WizLab)
  An ogre skeleton (Crypt:1)
  A mummy (Crypt:1)
  Robin (D:2)
  16 gnolls
  11 adders
  A shadow imp (D:7)
  2 white imps (D:7)
  An ufetubus (D:6)
  An adder zombie (Crypt:1)
  6 worms
  5 dart slugs
  62 orcs
  7 bats
  18 endoplasms
  10 giant cockroaches
  11 goblins
  12 hobgoblins
  16 kobolds
  20 quokkas
  11 ball pythons
  A ball python zombie (Crypt:2)
  9 frilled lizards
  A hobgoblin skeleton (Crypt:2)
  11 rats
  3 lurking horrors (Orc:2)
2661 creatures vanquished.

Vanquished Creatures (collateral kills)
  A tentacled monstrosity (Zot:2)
  A walking crystal tome (Depths:3)
  A walking divine tome (Depths:3)
  A storm dragon (Zot:3)
  A green draconian (Zot:2)
  2 death yaks (Lair:6)
  A dancing weapon (Elf:2)
  A tarantella (Spider:2)
9 creatures vanquished.

Vanquished Creatures (others)
  2 tentacled monstrosities
  A wizard (D:15)
  3 deep elf zephyrmancers
  A yaktaur (Vaults:2)
  A tarantella (Spider:2)
  A yak (Lair:5)
  2 boggarts
  118 fungi
  171 plants
  21 withered plants (Lair:6)
321 creatures vanquished.

Grand Total: 2991 creatures vanquished

Notes
Turn   | Place    | Note
-------+----------+-------------------------------------------
     0 | D:1      | Daunt the Demigod Hunter began the quest for the Orb.
     0 | D:1      | Reached XP level 1. HP: 17/17 MP: 3/3
   279 | D:1      | Reached XP level 2. HP: 24/24 MP: 4/4
   788 | D:1      | Reached XP level 3. HP: 30/30 MP: 5/5
  1525 | D:2      | You fall into a shaft and drop 1 floor!
  1541 | D:3      | Reached XP level 4. HP: 37/37 MP: 6/6
  1749 | D:2      | Reached skill level 5 in Crossbows
  1880 | D:2      | Noticed Robin
  1889 | D:2      | Killed Robin
  2644 | D:3      | Reached XP level 5. HP: 23/45 MP: 7/7
  3119 | D:4      | Found a glowing drain.
  3147 | Sewer    | Entered a sewer
  3572 | Sewer    | Reached skill level 1 in Stealth
  3626 | Sewer    | Reached XP level 6. HP: 52/52 MP: 8/8
  4610 | D:5      | Entered Level 5 of the Dungeon
  4820 | D:5      | Reached XP level 7. HP: 30/59 MP: 9/9
  5975 | D:6      | Reached skill level 5 in Fighting
  5975 | D:6      | Noticed a troll
  6034 | D:6      | Reached XP level 8. HP: 55/68 MP: 10/10
  7104 | D:7      | Noticed Joseph
  7518 | D:7      | Found a staircase to the Ecumenical Temple.
  8285 | D:7      | Reached skill level 10 in Crossbows
  8385 | D:7      | Reached XP level 9. HP: 74/75 MP: 11/11
  8597 | D:7      | Found a runed translucent door.
  8598 | D:7      | Noticed Crazy Yiuf
  8714 | D:7      | Killed Crazy Yiuf
  9164 | D:8      | Found a staircase to the Lair.
  9165 | D:8      | Noticed a komodo dragon
  9345 | D:8      | Killed a komodo dragon
 10295 | D:9      | Noticed a gargoyle
 10582 | D:10     | Entered Level 10 of the Dungeon
 10630 | D:10     | Noticed Lodul
 10630 | D:10     | Noticed a two-headed ogre
 10630 | D:10     | Noticed a two-headed ogre
 10630 | D:10     | Noticed a two-headed ogre
 10630 | D:10     | Noticed a two-headed ogre
 10630 | D:10     | Noticed a two-headed ogre
 10630 | D:10     | Noticed a two-headed ogre
 10630 | D:10     | Noticed a two-headed ogre
 10964 | D:10     | Noticed a two-headed ogre
 10974 | D:10     | Killed a two-headed ogre
 10975 | D:10     | Reached XP level 10. HP: 55/83 MP: 13/13
 11525 | D:9      | Killed a two-headed ogre
 11692 | D:10     | Noticed Nergalle
 11714 | D:10     | Identified the +1 pair of boots of Sin {Str+3}
 12023 | D:10     | Killed Nergalle
 12849 | Lair:1   | Entered Level 1 of the Lair of Beasts
 14109 | Lair:2   | Reached XP level 11. HP: 91/91 MP: 14/14
 14362 | Lair:2   | Reached skill level 1 in Armour
 14362 | Lair:2   | Reached skill level 1 in Evocations
 15025 | Lair:3   | Reached skill level 15 in Crossbows
 15287 | Lair:3   | Noticed an eight-headed hydra
 15298 | Lair:3   | Noticed an eight-headed hydra
 15345 | Lair:2   | Killed an eight-headed hydra
 15799 | Lair:3   | Found a staircase to the Shoals.
 16014 | Lair:3   | Killed an eight-headed hydra
 17009 | Lair:4   | Reached XP level 12. HP: 101/101 MP: 15/15
 17234 | Lair:4   | Noticed a six-headed hydra
 17238 | Lair:4   | Killed a six-headed hydra
 17255 | Lair:4   | Found a runed translucent door.
 17255 | Lair:4   | Noticed allion's ghost (journeyman TeCj)
 17259 | Lair:4   | Identified the +10 scimitar of Jawidy {chaos, rF- rC-
                  | Will+++ Stlth+}
 17610 | Lair:4   | Reached skill level 5 in Dodging
 17850 | Lair:4   | Found a hole to the Spider Nest.
 18147 | Lair:5   | Found a staircase to the Slime Pits.
 18360 | Lair:5   | Noticed Sonja
 18368 | Lair:5   | Killed Sonja
 18369 | Lair:5   | Reached skill level 5 in Armour
 18381 | Lair:5   | Found a frozen archway.
 18576 | Lair:5   | Noticed an ice dragon
 18588 | Lair:5   | Killed an ice dragon
 18828 | IceCv    | Entered an ice cave
 19893 | IceCv    | Reached XP level 13. HP: 90/111 MP: 12/16
 20180 | IceCv    | Reached skill level 5 in Evocations
 20181 | IceCv    | Noticed an azure jelly
 20195 | IceCv    | Killed an azure jelly
 20319 | IceCv    | Got the ring "Eleil" {Ice Will+}
 20698 | Lair:5   | Reached skill level 5 in Stealth
 21066 | Lair:5   | Reached skill level 10 in Fighting
 21557 | Lair:6   | Entered Level 6 of the Lair of Beasts
 23004 | Lair:6   | Noticed Rupert
 23551 | Lair:6   | Noticed a dire elephant
 23551 | Lair:6   | Noticed a dire elephant
 23552 | Lair:6   | Noticed a dire elephant
 23552 | Lair:6   | Noticed a dire elephant
 23592 | Lair:6   | Reached XP level 14. HP: 78/124 MP: 17/17
 25026 | Lair:6   | HP: 5/122 [constriction (2)]
 26319 | D:7      | Killed Joseph
 26979 | D:10     | Killed Lodul
 27300 | D:11     | Identified the +3 whip of Wounding {flame, rF+ Str+3 Dex+6
                  | SInv}
 27660 | D:11     | Found a runed translucent door.
 27662 | D:11     | Found a runed translucent door.
 27665 | D:11     | Found a runed translucent door.
 27794 | D:11     | Noticed Harold
 27801 | D:11     | Killed Harold
 28069 | D:11     | Reached skill level 10 in Dodging
 28197 | D:11     | Found the +3 hat of Pondering {ponderous, Will+ MP+10
                  | Int+5}
 28204 | D:11     | Got the Volume of the Compass and Toxins
 28969 | D:12     | Found a staircase to the Orcish Mines.
 29626 | D:13     | Reached skill level 10 in Armour
 29853 | D:13     | Found a gate to the Vaults.
 29853 | D:13     | Noticed Nessos
 29859 | D:13     | Noticed Nessos
 29859 | D:13     | Nessos changed into Nessos the spriggan
 29863 | D:13     | Killed Nessos the spriggan
 29953 | D:13     | Noticed Urug
 30076 | D:13     | Killed Urug
 30082 | D:13     | Reached XP level 15. HP: 103/134 MP: 18/18
 30560 | D:14     | Found a transporter.
 30609 | D:14     | Noticed Onwo's ghost (journeyman DDNe)
 30609 | D:14     | Noticed a fire giant
 30611 | D:14     | Found a transporter.
 31355 | D:14     | Identified the +4 chain mail of Loluciemys {+Inv rN++
                  | Stlth+}
 31730 | D:14     | Identified the +5 scale mail of Muttered Phrases {Contam
                  | Int+7 Dex+5}
 32052 | D:15     | Entered Level 15 of the Dungeon
 32697 | D:15     | Identified the +6 falchion of Kyqasixu {vorpal, Drain rN+
                  | rCorr Str+4}
 32913 | D:15     | Found a staircase to the Depths.
 33244 | D:15     | Noticed Kirke
 34447 | Orc:1    | Entered Level 1 of the Orcish Mines
 34652 | Orc:1    | Got the Reference Book on Transmutation
 34715 | Orc:1    | Found Xoubat's Magic Scroll Shop.
 34755 | Orc:1    | Bought a scroll of fog for 24 gold pieces
 34755 | Orc:1    | Bought a scroll of teleportation for 36 gold pieces
 34755 | Orc:1    | Bought a scroll of enchant weapon for 90 gold pieces
 34759 | Orc:1    | Bought a scroll of identify for 24 gold pieces
 34922 | Orc:2    | Entered Level 2 of the Orcish Mines
 34929 | Orc:2    | Noticed Maurice
 34944 | Orc:2    | Found a staircase to the Elven Halls.
 34955 | Orc:2    | Killed Maurice
 35033 | Orc:2    | Noticed Josephine
 35043 | Orc:2    | Killed Josephine
 35691 | Orc:2    | Found a one-way gate to the infinite horrors of the Abyss.
 36120 | Orc:2    | Found Imok's Armour Shop.
 36135 | Orc:2    | Found Noisoam's Assorted Antiques.
 36136 | Orc:2    | Found Neniehuu's Magic Scroll Emporium.
 36147 | Orc:2    | Bought a scroll labelled LEISUNLEQAI for 34 gold pieces
 36150 | Orc:2    | Found Buole's Assorted Antiques.
 36153 | Orc:2    | Bought a scroll of identify for 22 gold pieces
 36183 | Orc:2    | Found Bihixtar's Antique Armour Emporium.
 36192 | Orc:2    | Bought a spiked helmet for 256 gold pieces
 36192 | Orc:2    | Identified the +0 helmet of Incorporation {Int+3} (You
                  | bought it in a shop on level 2 of the Orcish Mines)
 36344 | Orc:2    | Bought a scroll of blinking for 82 gold pieces
 36549 | Shoals:1 | Entered Level 1 of the Shoals
 37297 | Shoals:1 | Reached XP level 16. HP: 147/147 MP: 19/19
 37317 | Lair:3   | HP: 4/147 [harpy (8)]
 38246 | Lair:3   | Reached skill level 15 in Fighting
 41083 | Shoals:2 | You are sucked into a shaft and drop 1 floor!
 42657 | Shoals:3 | Found Loceomp's Distillery.
 42665 | Shoals:3 | Bought 2 potions of heal wounds for 210 gold pieces
 43372 | Shoals:4 | Entered Level 4 of the Shoals
 44997 | Shoals:4 | Paralysed by an air elemental for 1 turns
 45007 | Shoals:4 | Noticed a titan
 45517 | Shoals:4 | Killed a titan
 45642 | Shoals:4 | Got a barnacled rune of Zot
 45687 | Shoals:4 | Paralysed by an air elemental for 1 turns
 45691 | Shoals:4 | Paralysed by an air elemental for 1 turns
 45695 | Shoals:4 | Paralysed by an air elemental for 1 turns
 45698 | Shoals:4 | Paralysed by an air elemental for 1 turns
 46753 | Shoals:4 | Reached XP level 17. HP: 146/163 MP: 20/20
 46932 | Shoals:4 | Paralysed by an air elemental for 1 turns
 46937 | Shoals:4 | Paralysed by an air elemental for 1 turns
 47245 | Lair:6   | Killed Rupert
 47570 | Vaults:1 | Entered Level 1 of the Vaults
 49555 | Vaults:1 | Noticed Zenata
 50234 | D:13     | Killed Zenata
 52786 | Spider:1 | Entered Level 1 of the Spider Nest
 52874 | Spider:1 | You fall into a shaft and drop 1 floor!
 54969 | Spider:2 | Reached XP level 18. HP: 169/174 MP: 21/21
 56130 | Spider:3 | Identified the +4 mace "Uzxasmes" {vamp, rPois rC- Stlth+}
 56667 | Spider:3 | Noticed Agnes
 56675 | Spider:3 | Killed Agnes
 57182 | Spider:4 | Entered Level 4 of the Spider Nest
 57437 | Spider:4 | Identified 3 scrolls of acquirement
 57452 | Spider:4 | Acquired the +0 pair of boots of Cyipramp {Fly rElec rF+
                  | rN+}
 58599 | Spider:3 | Acquired the ring "Jigoreustry" {Wiz rF- rC+ rCorr Dex+6}
 59907 | Spider:4 | Got a gossamer rune of Zot
 60323 | Spider:4 | Found the +2 hood of the Assassin {Detection Stab+ Stlth++}
 60368 | Spider:4 | Acquired the +0 pair of gloves of Xynwoihi {Str+5 Dex+4
                  | Stlth+}
 61526 | Vaults:1 | Reached skill level 1 in Long Blades
 62087 | Vaults:1 | Reached XP level 19. HP: 184/184 MP: 22/22
 62091 | Vaults:1 | You are sucked into a shaft and drop 1 floor!
 62140 | Vaults:2 | Reached skill level 5 in Long Blades
 62449 | Vaults:2 | Found Julegoez's Jewellery Shoppe.
 63053 | Orc:2    | Bought a glimmering buckler for 256 gold pieces
 63053 | Orc:2    | Identified the +3 buckler of Sophism {rC+ Int-4 Dex+2} (You
                  | bought it in a shop on level 2 of the Orcish Mines)
 63384 | Vaults:2 | Reached skill level 1 in Poison Magic
 65008 | Vaults:2 | Found Vorhu's Assorted Antiques.
 65017 | Vaults:2 | Bought a scroll of blinking for 345 gold pieces
 65528 | Vaults:2 | Reached skill level 10 in Long Blades
 68065 | Vaults:3 | Found a staircase to the Crypt.
 68713 | Vaults:4 | Found Emiyshros's General Store.
 68722 | Vaults:4 | Bought a scroll of blinking for 135 gold pieces
 68725 | Vaults:4 | Found Beafotarr's Armour Boutique.
 68735 | Vaults:4 | Reached XP level 20. HP: 140/193 MP: 24/24
 68747 | Vaults:4 | Bought a +1 cloak of poison resistance for 297 gold pieces
 68944 | Vaults:4 | Found Waege's Weapon Shop.
 69260 | Vaults:4 | Identified the +4 ring mail "Xemezinn" {Dex+4}
 69338 | Vaults:4 | Found Etekuu's Distillery.
 69354 | Vaults:4 | Bought a potion of haste for 230 gold pieces
 69354 | Vaults:4 | Bought a potion of heal wounds for 115 gold pieces
 69354 | Vaults:4 | Bought a potion of heal wounds for 115 gold pieces
 69919 | Vaults:4 | Reached skill level 1 in Shields
 70274 | Vaults:2 | Bought the ring of Caezid {rF+ rC+ Will+ SInv} for 702 gold
                  | pieces
 70676 | Vaults:4 | Found Zoaroi's Weapon Shop.
 71244 | D:15     | Killed Kirke
 71264 | Depths:1 | Entered Level 1 of the Depths
 71403 | Elf:1    | Entered Level 1 of the Elven Halls
 71772 | Elf:1    | Reached skill level 10 in Evocations
 72283 | Elf:2    | Found Zuelun's Jewellery Shop.
 72317 | Elf:2    | Found a magical portal.
 72335 | WizLab   | Entered Zonguldrok's Shrine
 72892 | WizLab   | Noticed an antique lich
 72915 | WizLab   | Killed an antique lich
 72916 | WizLab   | Reached skill level 10 in Stealth
 73192 | WizLab   | Identified the +9 double sword of Coyrooci {pain, Str+5}
 73965 | Elf:2    | Found a runed translucent gate.
 73970 | Elf:2    | Found a runed translucent gate.
 73970 | Elf:2    | Found a runed translucent gate.
 75103 | Elf:3    | Entered Level 3 of the Elven Halls
 75123 | Elf:3    | Reached XP level 21. HP: 201/201 MP: 25/25
 75134 | Elf:3    | Acquired the +5 double sword of Wyrd {spect, rPois}
 75307 | Elf:3    | Reached skill level 15 in Dodging
 75389 | Elf:3    | Found Xephesobb's Armour Emporium.
 76559 | Elf:3    | Identified the +3 great sword "Tievuis" {pain, MP+9}
 76881 | Elf:3    | Identified the ring "Kopis" {+Blink Dex+6}
 76962 | Elf:3    | Identified the +4 chain mail of Vehumet's Anger {Harm rElec
                  | rN+ Dex-2}
 76963 | Elf:3    | Identified the +1 morningstar "Ymomn" {flame, Fly Will-
                  | Int+5 SInv}
 76963 | Elf:3    | Found the ring of the Octopus King {AC+1 EV+1 Str+1 Int+1
                  | Dex+1 SInv}
 76985 | Elf:3    | Got the Papyrus of Good Intentions
 77006 | Elf:3    | Identified the ring "Gacwummo" {rPois rF+ Str+2 Int-3}
 77592 | D:15     | Reached skill level 15 in Armour
 78363 | Depths:1 | Reached XP level 22. HP: 194/211 MP: 26/26
 79149 | Depths:1 | Found a one-way gate leading to the halls of Pandemonium.
 79248 | Depths:1 | Identified the +5 chain mail of a bailey {rElec Slay-4 SInv
                  | Stlth+}
 79318 | Depths:1 | Noticed Aizul
 79330 | Depths:1 | Killed Aizul
 79547 | Depths:1 | Found a gateway to Hell.
 80546 | Depths:2 | Reached skill level 15 in Long Blades
 80686 | Depths:2 | Reached XP level 23. HP: 179/218 MP: 27/27
 81702 | Depths:3 | Noticed a juggernaut
 81850 | Depths:3 | Killed a juggernaut
 81943 | Depths:3 | Noticed a juggernaut
 82720 | Depths:3 | Found a one-way gateway to a ziggurat.
 83030 | Depths:3 | Killed a juggernaut
 83203 | Depths:4 | Entered Level 4 of the Depths
 83203 | Depths:4 | Noticed Frederick
 83227 | Depths:4 | Found Hiliush's Antique Weapon Boutique.
 84429 | Depths:4 | Found a gate to the Realm of Zot.
 84645 | Depths:4 | Noticed Sojobo
 84670 | Depths:4 | Killed Sojobo
 84817 | Depths:4 | Killed Frederick
 85225 | Depths:4 | Found Nupt's Book Emporium.
 85228 | Depths:4 | Found Venkuir's Jewellery Boutique.
 85229 | Depths:4 | Found Wazy's Book Emporium.
 85241 | Depths:4 | Bought an amulet of regeneration for 300 gold pieces
 85710 | Slime:1  | Entered Level 1 of the Pits of Slime
 86340 | Slime:3  | Reached XP level 24. HP: 205/231 MP: 16/27
 86455 | Slime:4  | Gained mutation: You are weak. (Str -2) [a shining eye]
 86458 | Slime:4  | Gained mutation: You are occasionally teleported next to
                  | monsters. [a shining eye]
 86503 | Slime:4  | Lost mutation: You are occasionally teleported next to
                  | monsters. [potion of mutation]
 86503 | Slime:4  | Lost mutation: You are weak. (Str -2) [potion of mutation]
 86503 | Slime:4  | Gained mutation: You are partially covered in iridescent
                  | scales. (AC +2) [potion of mutation]
 86503 | Slime:4  | Gained mutation: Your spells are a little easier to cast,
                  | but a little less powerful. [potion of mutation]
 86503 | Slime:4  | Gained mutation: You have very sharp teeth. [potion of
                  | mutation]
 86503 | Slime:4  | Gained mutation: You have sharp fingernails. [potion of
                  | mutation]
 86508 | Slime:5  | Entered Level 5 of the Pits of Slime
 86739 | Slime:5  | Noticed Dissolution
 86793 | Slime:5  | Killed Dissolution
 86794 | Slime:5  | Noticed the Royal Jelly
 87576 | Slime:5  | Killed the Royal Jelly
 87796 | Slime:5  | Identified the amulet of Kalannua {Acrobat rCorr Str+8
                  | Int-2 Dex-3}
 87827 | Slime:5  | Got a slimy rune of Zot
 87854 | Slime:5  | Identified the +3 great mace "Tykkeg" {vorpal, rF+ Int+4
                  | Dex+4 Stlth+}
 87855 | Slime:5  | Identified the +0 robe of Ytouqic {Archmagi}
 87863 | Slime:5  | Identified the +6 scale mail of Skepticism {Harm rElec
                  | Slay-3}
 87879 | Slime:5  | Identified the ring "Beataug" {Will+ Str+3 Int+3 Dex+3
                  | Stlth-}
 87882 | Slime:5  | Identified the +0 robe of the Evening {Str+5 Slay-3 SInv}
 87898 | Slime:5  | Got Sif Muna's Reference Book on Captivating Transformation
 87909 | Slime:5  | Identified the ring "Ritia" {rElec Will+}
 88112 | D:8      | Acquired a +0 double sword of flaming
 88114 | D:8      | Acquired the +7 hand crossbow "Roigh" {speed, Dex+3}
 88344 | Crypt:1  | Entered Level 1 of the Crypt
 88393 | Crypt:1  | Noticed a dread lich
 88413 | Crypt:1  | Killed a dread lich
 88723 | Crypt:1  | Noticed Khufu
 88723 | Crypt:1  | Noticed a royal mummy
 88906 | Crypt:1  | Killed a royal mummy
 88978 | Crypt:1  | Noticed a royal mummy
 89655 | Crypt:1  | Killed Khufu
 89662 | Crypt:1  | Killed a royal mummy
 89798 | Crypt:1  | Found a runed translucent door.
 89799 | Crypt:1  | Noticed a dread lich
 89807 | Crypt:1  | Killed a dread lich
 90039 | Crypt:2  | Noticed Mennas
 90424 | Crypt:2  | Identified the +4 scale mail "Zeaffimo" {Slay+4}
 91028 | Crypt:2  | Killed Mennas
 91107 | Crypt:3  | Entered Level 3 of the Crypt
 91470 | Crypt:3  | Reached XP level 25. HP: 238/238 MP: 27/27
 91479 | Crypt:3  | Identified the ring of the Final Chapter {rElec rC- EV+4
                  | Str+5 Dex-2}
 91697 | Crypt:3  | Found a staircase to the Tomb.
 91697 | Crypt:3  | Noticed Jory
 91697 | Crypt:3  | Identified the ring "Daitir" {rC+ rN+ Str+3 Int-4 Slay+2}
 91731 | Crypt:3  | Killed Jory
 91867 | Crypt:3  | Found the +9 sword of Zonguldrok {reap}
 91875 | Crypt:3  | Identified the +2 pair of gloves "Jicaigee" {rF- rC+ rCorr}
 91876 | Crypt:3  | Identified the +6 scale mail of Maokhedacw {rElec Str+3}
 91919 | Crypt:3  | Identified the ring of Dagasay {*Corrode rPois rN+ Str+4
                  | Int+2}
 91919 | Crypt:3  | Identified the ring "Wofao" {rN+ Int+2 Dex+5 Slay+5}
 92105 | Crypt:3  | Identified the +12 spear of Serromil {freeze, rF- rN+
                  | Dex+7}
 92773 | Orc:1    | Bought a scroll of fear for 42 gold pieces
 92773 | Orc:1    | Bought a scroll of fear for 42 gold pieces
 93028 | Shoals:3 | Bought a potion of resistance for 210 gold pieces
 93028 | Shoals:3 | Bought a potion of might for 84 gold pieces
 93959 | D:14     | Killed Onwo's ghost
 93989 | D:14     | Identified the +0 pair of gloves of Sasod {rElec rPois}
 94159 | Zot:1    | Entered Level 1 of the Realm of Zot
 96499 | Zot:3    | Noticed Parghit
 96502 | Zot:3    | Killed Parghit
 97481 | Zot:3    | Identified the +0 robe of the Shrike {rN+ Str+3 SInv
                  | Stlth+}
 97505 | Zot:3    | Reached XP level 26. HP: 250/250 MP: 7/27
 97517 | Zot:3    | Noticed a dread lich
 97534 | Zot:3    | Killed a dread lich
 97723 | Zot:3    | Got the Incunabulum of Hurtful Weightlessness
 98141 | Zot:4    | Noticed a juggernaut
 98145 | Zot:4    | Killed a juggernaut
 98166 | Zot:4    | Noticed an orb of fire
 99409 | Zot:5    | Entered Level 5 of the Realm of Zot
 99727 | Zot:5    | Noticed a dread lich
 99743 | Zot:5    | Killed a dread lich
 99806 | Zot:5    | Noticed an orb of fire
 99808 | Zot:5    | Noticed a dread lich
 99824 | Zot:5    | Noticed an ancient lich
 99834 | Zot:5    | Killed an ancient lich
 99863 | Zot:5    | Reached skill level 15 in Stealth
 99900 | Zot:5    | Noticed an ancient lich
 99902 | Zot:5    | Noticed a dread lich
 99948 | Zot:5    | Killed an ancient lich
 99972 | Zot:5    | Killed a dread lich
 99992 | Zot:5    | Killed an orb of fire
100388 | Zot:5    | Noticed an ancient lich
100426 | Zot:5    | Noticed an orb of fire
100426 | Zot:5    | Noticed a dread lich
100462 | Zot:5    | Noticed an ancient lich
100478 | Zot:5    | Killed a dread lich
100486 | Zot:5    | Killed an ancient lich
100507 | Zot:5    | Gained mutation: You sometimes lose the ability to read
                  | scrolls when taking damage. [an orb of fire]
100511 | Zot:5    | Killed an orb of fire
100551 | Zot:5    | Killed a dread lich
100597 | Zot:5    | Noticed a dread lich
100715 | Zot:5    | Killed a dread lich
100716 | Zot:5    | Reached XP level 27. HP: 183/261 MP: 27/27
100721 | Zot:5    | Killed an ancient lich
101372 | Zot:5    | Got the Orb of Zot
101614 | Depths:3 | Noticed Teketais the pandemonium lord
101648 | Depths:1 | Gained mutation: You do not regenerate when monsters are
                  | visible. [a neqoxec]
101659 | Depths:1 | Lost mutation: You are partially covered in iridescent
                  | scales. (AC +2) [potion of mutation]
101659 | Depths:1 | Lost mutation: You have sharp fingernails. [potion of
                  | mutation]
101659 | Depths:1 | Lost mutation: Your spells are a little easier to cast, but
                  | a little less powerful. [potion of mutation]
101659 | Depths:1 | Gained mutation: You are partially covered in iridescent
                  | scales. (AC +2) [potion of mutation]
101660 | Depths:1 | Lost mutation: You have very sharp teeth. [potion of
                  | mutation]
101660 | Depths:1 | Lost mutation: You are partially covered in iridescent
                  | scales. (AC +2) [potion of mutation]
101660 | Depths:1 | Lost mutation: You sometimes lose the ability to read
                  | scrolls when taking damage. [potion of mutation]
101660 | Depths:1 | Gained mutation: You sometimes lose the ability to read
                  | scrolls when taking damage. [potion of mutation]
101660 | Depths:1 | Lost mutation: You do not regenerate when monsters are
                  | visible. [potion of mutation]
101925 | D:$      | Escaped with the Orb!

Illustrated notes

Levels and vault maps discovered:
D:1:      dpeg_arrival_solitude, layout_basic
D:2:      minmay_chambers_of_ones, layout_basic, basic_ecumenical_altar,
          uniq_robin
D:3:      layout_rooms
D:4:      layout_basic, gup_sewer_entry_pipe
D:5:      layout_cave_pools, nicolae_underground_beach
D:6:      layout_loops_ring
D:7:      layout_loops_ring, minmay_temple_entry_overgrown, wad_rectangle_vault,
          uniq_joseph, uniq_crazy_yiuf_cottage
D:8:      layout_basic, mainiacjoe_overflow_concentric_impassable,
          david_lair_shrubbed
D:9:      layout_loops_ring, beargit_hepliaklqana_dungeon_heroes,
          old_standard_altar
D:10:     layout_rooms, nicolae_overflow_hallway_of_the_gods, uniq_nergalle,
          uniq_lodul
D:11:     minmay_the_grid_triangle_9x9_rhombus_thin
          [minmay_the_grid_triangle_9x9_cache,
          minmay_the_grid_triangle_9x9_prize_center,
          minmay_the_grid_triangle_9x9_fully_insulated_deathbox,
          minmay_the_grid_triangle_9x9_checkered], layout_loops_ring,
          grunt_ogre_cave, hangedman_glass_teeth, uniq_harold
D:12:     layout_irregular_city, orc_0_dummy
D:13:     layout_roguey, david_vaults_3, lemuel_another_geyser
D:14:     layout_roguey, dk_noncrumbling_2, gammafunk_ghost_arena,
          grunt_ministairs_11, minmay_strange_pillars,
          nicolae_tso_swordbearing_angel
D:15:     grunt_enter_depths_giant_problem, layout_loops_corners,
          hangedman_decor_points, uniq_kirke
Lair:1:   hellmonk_destroyed_diamonds, layout_gridlike, serial_bayou_shore_a,
          infiniplex_staircase_pool
Lair:2:   layout_cave_shapes
Lair:3:   layout_regular_city, shoals_dummy_entry, lemuel_centaur_altar,
          serial_bayou_shore_b
Lair:4:   layout_small_grid, spider_nest_entry_funnel_web, ebering_ghost_xom,
          grunt_megastairs_2
Lair:5:   layout_long_grid, minmay_slime_entry_pillars,
          portal_ice_cave_entry_animals_and_master, grunt_megastairs_4,
          uniq_sonja
Lair:6:   due_jungle_book, layout_layer_cave, enter_volcano_2, uniq_rupert
Shoals:1: layout_shoals
Shoals:2: layout_shoals
Shoals:3: layout_shoals, serial_shops, nicolae_shop_waterfront
Shoals:4: shoals_end_hellmonk_storm_palace [storm_palace_center_circular,
          storm_palace_corner_altar, storm_palace_corner_altar,
          storm_palace_corner_altar, storm_palace_corner_narrow]
Spider:1: layout_spider_delve, nicolae_spider_not_touching_you
Spider:2: layout_spider_delve
Spider:3: nicolae_spider_hilbert_zone_7 [nicolae_spider_hilbert_4_sides_1_open,
          nicolae_spider_hilbert_4_sides_1_open,
          nicolae_spider_hilbert_4_sides_1_open,
          nicolae_spider_hilbert_4_sides_1_open,
          nicolae_spider_hilbert_3_sides_1_open,
          nicolae_spider_hilbert_3_sides_1_open,
          nicolae_spider_hilbert_3_sides_1_open,
          nicolae_spider_hilbert_3_sides_1_open,
          nicolae_spider_hilbert_4_sides_1_open,
          nicolae_spider_hilbert_4_sides_1_open,
          nicolae_spider_hilbert_4_sides_1_open,
          nicolae_spider_hilbert_2_sides_1_open,
          nicolae_spider_hilbert_2_sides_1_open,
          nicolae_spider_hilbert_2_sides_1_open,
          nicolae_spider_hilbert_2_sides_1_open,
          nicolae_spider_hilbert_2_sides_1_open,
          nicolae_spider_hilbert_2_sides_1_open], einodemon_crawler_minivault,
          uniq_agnes
Spider:4: guppyfry_spider_rune, drop_trap, hive_lemuel
Slime:1:  layout_caves
Slime:2:  layout_caves
Slime:3:  layout_caves
Slime:4:  cheibrodos_slime_lost_civilization_10, layout_caves
Slime:5:  uniq_dissolution
Orc:1:    layout_caves, serial_shops, shop, guppyfry_library_mini
Orc:2:    st_orc_open, layout_diamond_mine, serial_shops,
          nicolae_shop_behind_doors, nicolae_orc_sculptors_studio,
          amcnicky_altar_lugonu_corruption, uniq_josephine, uniq_maurice
Elf:1:    minmay_elf_arrival_summoners, layout_loops_cross,
          hangedman_elven_crosses_minicolossus
Elf:2:    nicolae_elf_blades_splatter_lattice
          [nicolae_blade_entry_sentries_behind_glass], layout_loops_cross,
          mu_enter_wizlab_3, serial_shops, shop, nicolae_elf_martial_mastery
Elf:3:    minmay_elf_hall_dome, layout_geoelf_castle, serial_shops,
          nicolae_shop_temple_entry_statues_fountains
Vaults:1: v_misc_16, vaults_mumra_hex, st_smaller_cells, v_rooms_3,
          hangedman_vaults_slice, v_misc_9, nicolae_vaults_network_s,
          ontoclasm_vaults_bender, vaults_room_corners,
          nicolae_vaults_ring_of_whatevers, grunt_vaults_hallway_short,
          layout_vaults_ring, uniq_zenata
Vaults:2: nicolae_vaults_sealed_display, nicolae_vaults_little_squares_2,
          vaults_mumra_hexcomb, hangedman_vaults_stagger,
          hangedman_vaults_snaps, v_rooms_6, nicolae_vaults_what_the_h,
          grunt_vaults_hallway_short, layout_vaults_omnigrid, serial_shops,
          shop, shop
Vaults:3: nicolae_vaults_yaktaur_gun_rack, v_alt_pattern_1,
          nicolae_vaults_know_your_exits, ontoclasm_vaults_fault,
          vaults_mumra_minichess_inversion, hangedman_vaults_corner_blocks,
          minmay_crypt_entry_vampire_xt, vaults_mumra_lcd,
          ontoclasm_vaults_ring_square, ontoclasm_vaults_gateway,
          nicolae_vaults_three_branches, v_misc_9, grunt_vaults_focal,
          vaults_room_ringed_pool, v_misc_27, layout_vaults_big_cross
Vaults:4: st_eye, grunt_vaults_hallway_long, vaults_dpeg_encased_lava,
          vaults_room_semicircle, nicolae_vaults_twisting_passages,
          vaults_room_stairs_pillars, v_misc_5, v_misc_18,
          hangedman_vaults_maws, nicolae_vaults_circle_grid_b,
          dpeg_vaults_monster_box, vaults_room_fours, layout_vaults_big_room,
          serial_shops, nicolae_diamond_shop, shop, shop_fountains,
          shop_fountains
Crypt:1:  cheibrodos_crypt_cold_storage, layout_chaotic_city,
          grunt_crypt_arrival_split, grunt_megastairs_1, uniq_khufu
Crypt:2:  layout_misc_corridors, uniq_mennas
Crypt:3:  grunt_crypt_end_deaths_head
Depths:1: layout_small_grid, minmay_misc_feat_five, grunt_hell_entry_dis_mu,
          pan_entry, evilmike_ambush [evilmike_ambush_outer_basic,
          evilmike_ambush_inner_basic], kennysheep_random_hallway, uniq_aizul
Depths:2: mu_elephants_graveyard, layout_gridlike, pan_entry, hell_entry,
          minmay_misc_feat_diagonals, minmay_staircase_bubble
Depths:3: evilmike_inaccessible_box, layout_cave_shapes, enter_ziggurat_f,
          abyss_entry_small_statue_room, hell_entry, grunt_pan_entry_sceptre,
          ebering_dispersal_statue_hall, minmay_staircase_windowed_small
Depths:4: grunt_zot_entry_alcove, layout_gridlike, minmay_room_of_horrors,
          serial_shops, nicolae_shop_crystal, hex_medium, hell_entry,
          minmay_shop_grove, serial_bayou_shore_b, uniq_sojobo, uniq_frederick
Zot:1:    layout_gridlike, bh_zot_ikea_curve, hangedman_zot_decor_scrapings,
          uniq_josephina
Zot:2:    evilmike_crystal_ball_defense, layout_gridlike,
          hangedman_spider_trapstep
Zot:3:    hangedman_zot_vaults_quadrants, layout_cathedral_of_symmetry,
          uniq_parghit
Zot:4:    ebering_greatest_show_in_zot, layout_onion, skrybe_zot_glass_2
Zot:5:    layout_misc_corridors

Skill      XL: |  1  2  3  4  5  6  7  8  9 10 11 12 13 14 15 16 17 18 19 20 21 22 23 24 25 26 27 |
---------------+----------------------------------------------------------------------------------+-----
Fighting       | 2 3 4 5 6 8 9 11 12 14 17 18 19 20 21 22 23 24 | 24.1
Crossbows      | 4 5 6 8 10 12 14 15 16 | 16.0
Stealth        | 1 2 3 4 5 8 9 10 11 13 15 | 15.9
Dodging        | 4 6 8 10 11 12 14 15 17 | 17.7
Armour         | 3 6 8 10 11 12 13 14 16 18 19 | 19.0
Evocations     | 3 4 5 6 7 8 9 10 12 13 | 13.0
Long Blades    | 4 13 14 15 16 19 21 23 24 | 24.1
Poison Magic   | 2 |  2.0
Shields        | 4 |  4.0

Action                   |  1- 3 |  4- 6 |  7- 9 | 10-12 | 13-15 | 16-18 | 19-21 | 22-24 | 25-27 || total
-------------------------+-------+-------+-------+-------+-------+-------+-------+-------+-------++-------
Melee: Arbalest          |       |       |       |       |     3 |       |       |       |       ||     3
       Demon blade       |       |       |       |       |       |       |  1141 |       |       ||  1141
       Double sword      |       |       |       |       |       |       |   356 |  1316 |   830 ||  2502
       Eudemon blade     |       |       |       |       |       |       |       |   146 |   210 ||   356
       Bite              |       |       |       |       |       |       |       |   118 |   190 ||   308
 Fire: Hand crossbow     |   123 |   368 |    19 |       |       |       |    39 |    65 |   127 ||   741
       Arbalest          |       |       |   270 |   638 |  1658 |  2094 |    71 |       |       ||  4731
Throw: Throwing net      |       |       |     2 |     1 |       |       |       |       |       ||     3
 Abil: Evoke Invisibilit |       |       |       |       |       |       |     1 |       |       ||     1
Evoke: Wand              |       |       |       |    10 |     2 |     1 |     5 |     4 |     2 ||    24
       Box of beasts     |       |       |       |       |       |     2 |       |     2 |     1 ||     5
       Tin of tremorston |       |       |       |       |       |     2 |     4 |       |       ||     6
  Use: Scroll            |       |     4 |     3 |     9 |     8 |    16 |     6 |    12 |    21 ||    79
       Potion            |       |       |     2 |     1 |     9 |     8 |     6 |     6 |     7 ||    39
 Stab: Sleeping          |       |       |       |       |       |       |    65 |    54 |    39 ||   158
       Distracted        |       |       |       |       |       |       |    31 |    83 |    50 ||   164
       Invisible         |       |       |       |       |       |       |     3 |       |    11 ||    14
Armor: Leather armour    |    17 |    26 |       |     6 |   156 |     3 |       |       |       ||   208
       Ring mail         |       |    39 |    51 |       |    51 |   456 |    11 |       |       ||   608
       Steam dragon scal |       |       |    13 |   161 |       |       |       |       |       ||   174
       Acid dragon scale |       |       |       |       |    59 |    14 |       |       |       ||    73
       Scale mail        |       |       |       |       |    19 |       |       |    13 |       ||    32
       Chain mail        |       |       |       |       |       |       |   235 |    47 |    29 ||   311
       Shadow dragon sca |       |       |       |       |       |       |    98 |   164 |   210 ||   472
Dodge: Dodged            |    31 |   122 |    92 |   237 |   760 |  1988 |  1127 |  1063 |  1022 ||  6442
Block: Buckler           |       |       |       |       |       |       |   630 |   650 |   472 ||  1752

Table legend: (Time is in decaauts)
 A = Elapsed time spent in this place.
 B = Non-inter-level travel time spent in this place.
 C = Inter-level travel time spent in this place.
 D = Time resting spent in this place.
 E = Time spent auto-exploring this place.
 F = Levels seen in this place.
 G = Mean time per level.
                   A        B        C        D        E       F      G
               +--------+--------+--------+--------+--------+-----+--------+
         Total | 101815 |  89707 |  12108 |  34374 |  30300 |  58 | 1755.4 |
       Dungeon |  28224 |  23054 |   5170 |   9219 |   8807 |  15 | 1881.6 |
          Lair |  14629 |  12850 |   1779 |   5372 |   4425 |   6 | 2438.2 |
        Shoals |   9793 |   9051 |    742 |   5305 |   2261 |   4 | 2448.2 |
   Spider Nest |   7404 |   6931 |    473 |   2889 |   2288 |   4 | 1851.0 |
    Slime Pits |   1723 |   1473 |    250 |    293 |    134 |   5 |  344.6 |
  Orcish Mines |   2238 |   1909 |    329 |    648 |    758 |   2 | 1119.0 |
   Elven Halls |   5201 |   4436 |    765 |   1353 |   1857 |   3 | 1733.7 |
        Vaults |  10795 |   9510 |   1285 |   3556 |   2964 |   4 | 2698.8 |
         Crypt |   3961 |   3574 |    387 |    343 |   1289 |   3 | 1320.3 |
        Depths |   7640 |   6990 |    650 |   2720 |   2121 |   4 | 1910.0 |
           Zot |   7035 |   6762 |    273 |    804 |   3025 |   5 | 1407.0 |
         Sewer |    693 |    693 |      0 |    216 |    172 |   1 |  693.0 |
      Ice Cave |   1578 |   1578 |      0 |   1110 |    140 |   1 | 1578.0 |
        Wizlab |    895 |    895 |      0 |    544 |     57 |   1 |  895.0 |
               +--------+--------+--------+--------+--------+-----+--------+

Top non-repeatable levels by time:
  Lair:6: 4465 daAuts
    D:13: 4184 daAuts
    D:15: 3173 daAuts
Shoals:1: 3158 daAuts
Vaults:1: 3107 daAuts
Vaults:3: 3006 daAuts
Shoals:4: 2987 daAuts
Spider:3: 2948 daAuts
Vaults:2: 2702 daAuts
  Lair:3: 2571 daAuts
  Lair:4: 2350 daAuts
Depths:4: 2345 daAuts
     D:9: 2336 daAuts
Shoals:3: 2259 daAuts
    D:14: 2241 daAuts
